Map: Acid Plant LE

Players

Trickstar - Winner!

  • Race: Zerg Zerg
  • Spawn Location: 5:00

Unknown

  • Race: Zerg Zerg
  • Spawn Location: 11:00

Event: WCS Leipzig 2018

VOD

Have the link to the VOD?

Description

Time

  • Played on: Jan. 26, 2018, 7:21 a.m.
  • Length: 4:10

All games in this series

Show
View Real Time Build Order
Export as new Build Order

Trickstar Zerg - Winner!

Build Orders: Hatch First 

Get SALT Encoding   

  12  0:00  Drone  
  13  0:12  Overlord  
  13  0:16  Drone  
  14  0:30  Drone x2  
  14  0:33  Drone  
  17  0:50  Hatchery  
  17  0:54  Drone  
  17  0:57  Drone  
  18  1:07  Extractor  
  17  1:11  Spawning Pool  
  17  1:14  Drone  
  17  1:18  Drone  
  18  1:27  Drone  
  19  1:38  Overlord  
  19  1:58  Queen  
  19  1:59  Zergling x4  
  23  2:02  Zergling x2, Queen  
  23  2:07  Metabolic Boost  
  26  2:12  Drone  
  26  2:13  Drone  
  28  2:22  Drone  
  29  2:24  Drone  
  29  2:28  Baneling Nest  
  29  2:34  Drone  
  29  2:35  Drone  
  31  2:49  Hatchery  
  30  2:52  Zergling x2  
  30  2:54  Zergling x2  
  32  2:58  Overlord  
  32  3:05  Zergling x4  
  34  3:14  Zergling x4  
  35  3:24  Zergling x10  
  35  3:25  Zergling x2  
  41  3:28  Baneling x2  
  41  3:29  Baneling  
  41  3:30  Baneling  
  41  3:35  Overlord  
  41  3:42  Zergling x6  
Show
View Real Time Build Order
Export as new Build Order

Unknown Zerg 

Build Orders: Hatch First 

Get SALT Encoding   

  12  0:01  Drone  
  13  0:12  Overlord  
  13  0:18  Drone  
  14  0:30  Drone x2  
  14  0:34  Drone  
  17  0:52  Hatchery  
  17  0:55  Drone  
  17  1:10  Spawning Pool  
  16  1:12  Drone  
  17  1:35  Hatchery  
  17  1:37  Drone  
  17  1:40  Drone  
  17  1:43  Extractor  
  17  1:45  Drone  
  18  1:48  Drone  
  19  1:58  Queen  
  21  2:08  Queen  
  21  2:13  Zergling x2  
  21  2:15  Zergling x2  
  25  2:18  Drone  
  25  2:21  Drone  
  27  2:28  Overlord  
  27  2:45  Metabolic Boost  
  27  2:46  Overlord  
  27  2:47  Drone  
  27  2:48  Drone  
  27  2:49  Drone  
  30  2:53  Zergling x2  
  30  2:57  Zergling x2  
  32  3:09  Zergling x10  
  37  3:24  Baneling Nest  
  37  3:26  Zergling x4  
  37  3:27  Zergling x6  
  40  3:38  Zergling x2  
  43  3:45  Zergling x6  
  46  3:51  Zergling x4  
Tags
 
Add a new tag
Caveats
  • Supply blocks, unpowered buildings, or Contaminate may cause inaccurate times.
  • Supply counts are checked every 10 seconds.